 Dungeon Crawl Stone Soup version 0.31-a0-188-g5e087ee2ca (webtiles) character file.

Game seed: 843348684561586604

3338 qw the Markself (level 9, -6/52 HPs)
             Began as a Deep Elf Hunter on June 23, 2023.
             Was an Initiate of Okawaru.
             Mangled by a yak (14 damage)
             ... on level 8 of the Dungeon.
             The game lasted 00:03:04 (6672 turns).

qw the Markself (Deep Elf Hunter)                   Turns: 6672, Time: 00:03:05

Health: -6/52      AC:  6    Str: 12    XL:     9   Next: 72%
Magic:  11/11      EV: 14    Int: 15    God:    Okawaru [......]
Gold:   458        SH:  0    Dex: 18    Spells: 8/8 levels left

rFire   . . .        r - +0 orcbow
rCold   . . .        (shield currently unavailable)
rNeg    . . .        a - +0 ring mail
rPois   +            k - +0 helmet
rElec   .            (no cloak)
rCorr   .            (no gloves)
SInv    .            (no boots)
Will    +....        (no amulet)
Stlth   +            f - ring of poison resistance
HPRegen 0.28/turn    i - ring of willpower
MPRegen 0.12/turn

%: no passive effects
@: no status effects
A: no striking features
a: Renounce Religion


You were on level 8 of the Dungeon.
You worshipped Okawaru.
Okawaru was noncommittal.
You visited 2 branches of the dungeon, and saw 9 of its levels.

You collected 458 gold pieces.


   Skills:
 - Level 4.0 Fighting
 + Level 15.6 Ranged Weapons
 - Level 2.0 Armour
 - Level 6.6 Dodging
 - Level 1.2 Stealth
 - Level 1.0 Invocations


You had 8 spell levels left.
You didn't know any spells.
Your spell library was empty.

Inventory:

Hand Weapons
 r - a +0 orcbow (weapon)
Armour
 a - a +0 ring mail (worn)
 k - a +0 helmet (worn)
Jewellery
 c - a ring of ice
 e - a ring of fire
 f - a ring of poison resistance (left hand)
 i - a ring of willpower (right hand)
 n - a ring of poison resistance
 q - a ring of willpower
Wands
 p - a wand of digging (5)
Scrolls
 b - a scroll of identify
Potions
 d - a potion of might
 h - a potion of mutation
 j - a potion of curing
 m - a potion of enlightenment
 o - a potion of magic

Dungeon Overview and Level Annotations

Branches:
Dungeon (8/15)             Temple (1/1) D:7
   Lair: D:8-11

Altars:
Ashenzari
Cheibriados
Dithmenos
Elyvilon
Fedhas
Gozag
Hepliaklqana
Kikubaaqudgha
Makhleb
Nemelex Xobeh
Okawaru
Qazlal
Ru
Sif Muna
Trog
Uskayaw
Vehumet
Wu Jian
Xom
Yredelemnul
Zin
The Shining One

Portals:
Abyss: D:6

Annotations:
D:5 1 runed translucent door, Crazy Yiuf
D:6 2 transporters, qw's ghost, amateur GrFi


Message History

The yak is heavily wounded.
You hear an angry hiss.
You shoot an arrow. The arrow hits the yak.
The yak is heavily wounded.
The water moccasin bites you. The yak barely misses you.
You shoot an arrow. The arrow hits the yak.
The yak is severely wounded.
The water moccasin bites you. The yak gores you!
You shoot an arrow. The arrow hits the yak.
The yak is severely wounded.
The water moccasin bites you but does no damage.
You shoot an arrow. The arrow closely misses the yak.
The yak gores you! The water moccasin misses you.
You shoot an arrow. The arrow hits the yak.
The yak is severely wounded.
The water moccasin closely misses you. The yak barely misses you.
You shoot an arrow. The arrow hits the yak.
The yak is almost dead.
The water moccasin barely misses you. The yak gores you!
The water moccasin bites you.
You shoot an arrow. The arrow hits the yak!!
You kill the yak!
Okawaru accepts your kill. The water moccasin misses you.
You shoot an arrow. The arrow hits the water moccasin!
The water moccasin is moderately wounded.
The water moccasin bites you.
You shoot an arrow. The arrow hits the water moccasin!
The water moccasin is almost dead.
The water moccasin bites you.
You shoot an arrow. The arrow hits the water moccasin!
You kill the water moccasin!
Okawaru accepts your kill.
You shoot an arrow. The arrow hits the yak!
The yak is moderately wounded.
You shoot an arrow.
The arrow hits the yak but does no damage.
The yak is moderately wounded.
The yak gores you!
You die...

########.##....# #
#.##.#..##.##.
#.............
#..)....##.## #......##
# ##...#..##
#...###..#######
######..#####.......#
....#@.#'#.###......#
....SYY.###._.###)....#
......#..#'#.###.)....#
..######..#####.......#
#...###..#######
#.#..#..## #.##....###
#.........# ##........#


You could see 2 yaks and a water moccasin.

Vanquished Creatures
  3 yaks
  2 steam dragons
  Menkaure (D:3)
  2 water moccasins
  An orc warrior (D:8)
  An ice beast (D:7)
  3 black bears
  3 sky beasts
  An ogre (D:5)
  2 centaurs
  A phantom (D:4)
  2 kobold brigands (D:7)
  2 bullfrogs
  A scorpion (D:7)
  3 wights (D:3)
  3 jellies
  A gnoll bouda (D:5)
  3 sleepcaps
  3 iron imps (D:4)
  Jessica (D:2)
  3 iguanas
  2 orc wizards
  12 gnolls
  12 adders
  A shadow imp (D:6)
  An ufetubus (D:7)
  3 worms (D:2)
  3 dart slugs
  17 orcs
  3 bats
  6 endoplasms
  3 giant cockroaches (D:2)
  10 goblins
  11 hobgoblins
  4 quokkas
  4 ball pythons
  2 frilled lizards
  26 kobolds
  4 rats
166 creatures vanquished.

Notes
Turn   | Place    | Note
-------+----------+-------------------------------------------
     0 | D:1      | qw the Deep Elf Hunter began the quest for the Orb.
     0 | D:1      | Reached XP level 1. HP: 12/12 MP: 3/3
     0 | D:1      | 0 ||| qw: Version: 0.3-a-9-g12657ce
     0 | D:1      | 0 ||| qw: Game counter: 3322
     0 | D:1      | 0 ||| qw: Always use a shield: true
     0 | D:1      | 0 ||| qw: God list: Okawaru
     0 | D:1      | 0 ||| qw: Allow faded altars: false
     0 | D:1      | 0 ||| qw: Do Orc after D:15 true
     0 | D:1      | 0 ||| qw: Do second Lair branch before Depths: true
     0 | D:1      | 0 ||| qw: Lair rune preference: random
     0 | D:1      | 0 ||| qw: Plans: Normal
     0 | D:1      | 0 ||| PLANNING D:1-11
    99 | D:1      | Reached XP level 2. HP: 16/16 MP: 4/4
   147 | D:1      | Reached skill level 6 in Ranged Weapons
   169 | D:1      | 169 ||| Stepping ~*~*~tactically~*~*~ (outnumbered).
   171 | D:1      | 171 ||| Stepping ~*~*~tactically~*~*~ (outnumbered).
   173 | D:1      | 173 ||| FLEEEEING.
   174 | D:1      | 174 ||| FLEEEEING.
   176 | D:1      | 176 ||| Stepping ~*~*~tactically~*~*~ (outnumbered).
   178 | D:1      | 178 ||| Stepping ~*~*~tactically~*~*~ (outnumbered).
   356 | D:1      | Reached XP level 3. HP: 20/20 MP: 5/5
   591 | D:1      | 591 ||| READING scroll labelled PUXTIECRONI.
   592 | D:1      | 592 ||| READING scroll labelled TODAAQ NIJOMIP.
   593 | D:1      | 593 ||| READING scroll labelled NIMUT IMPA.
   594 | D:1      | 594 ||| DRINKING 2 smoky orange potions.
   699 | D:1      | 699 ||| DROPPING scroll of butterflies.
   700 | D:1      | 700 ||| DROPPING potion of berserk rage.
   831 | D:2      | Reached skill level 7 in Ranged Weapons
   845 | D:2      | Reached XP level 4. HP: 11/25 MP: 6/6
  1157 | D:2      | Reached skill level 8 in Ranged Weapons
  1252 | D:2      | Noticed Jessica
  1254 | D:2      | Killed Jessica
  1350 | D:2      | 1350 ||| UPGRADING to +0 ring mail.
  1360 | D:2      | 1360 ||| DROPPING +0 leather armour.
  1361 | D:2      | 1361 ||| DRINKING 2 fizzy clear potions.
  1362 | D:2      | 1362 ||| DROPPING potion of degeneration.
  1386 | D:3      | Found a faded altar of an unknown god.
  1480 | D:3      | Reached XP level 5. HP: 27/29 MP: 7/7
  1501 | D:3      | Found an ornate altar of the Wu Jian Council.
  1933 | D:3      | Reached skill level 9 in Ranged Weapons
  1941 | D:3      | Reached XP level 6. HP: 35/35 MP: 8/8
  1946 | D:3      | Found a shimmering blue altar of Sif Muna.
  1946 | D:3      | Found an ancient bone altar of Kikubaaqudgha.
  1947 | D:3      | Found a radiant altar of Vehumet.
  2174 | D:3      | Found a shimmering altar of Xom.
  2177 | D:3      | Found a basalt altar of Yredelemnul.
  2178 | D:3      | 2178 ||| UPGRADING to ring of poison resistance.
  2179 | D:3      | 2179 ||| READING 4 scrolls of identify.
  2179 | D:3      | 2179 ||| IDENTIFYING fuming orange potion
  2180 | D:3      | 2180 ||| READING 3 scrolls of identify.
  2180 | D:3      | 2180 ||| IDENTIFYING murky clear potion
  2181 | D:3      | 2181 ||| READING 2 scrolls of identify.
  2181 | D:3      | 2181 ||| IDENTIFYING red potion
  2182 | D:3      | 2182 ||| DROPPING potion of ambrosia.
  2183 | D:3      | 2183 ||| DROPPING potion of invisibility.
  2227 | D:4      | Noticed Menkaure
  2228 | D:4      | 2228 ||| FLEEEEING.
  2231 | D:4      | 2231 ||| STAIRDANCE
  2305 | D:4      | 2305 ||| STAIRDANCE
  2309 | D:3      | Killed Menkaure
  2310 | D:3      | Reached skill level 10 in Ranged Weapons
  2384 | D:4      | Reached skill level 3 in Dodging
  2384 | D:4      | Reached XP level 7. HP: 40/40 MP: 9/9
  2764 | D:4      | 2764 ||| UPGRADING to ring of willpower.
  2765 | D:4      | 2765 ||| READING scroll labelled GUCLEG LOX ESU.
  2766 | D:4      | 2766 ||| READING 2 scrolls of identify.
  2766 | D:4      | 2766 ||| IDENTIFYING brown potion
  2767 | D:4      | 2767 ||| DROPPING potion of brilliance.
  2775 | D:4      | 2775 ||| STAIRDANCE
  2870 | D:4      | Found a burning altar of Makhleb.
  2912 | D:4      | Reached skill level 11 in Ranged Weapons
  3113 | D:4      | 3113 ||| READING scroll labelled KEULITZEPIRCH.
  3136 | D:4      | 3136 ||| STAIRDANCE
  3140 | D:3      | Found a bloodstained altar of Trog.
  3270 | D:5      | Entered Level 5 of the Dungeon
  3325 | D:5      | Noticed a steam dragon
  3329 | D:5      | 3329 ||| Stepping ~*~*~tactically~*~*~ (cloud).
  3330 | D:5      | 3330 ||| FLEEEEING.
  3334 | D:5      | Killed a steam dragon
  3335 | D:5      | Reached skill level 12 in Ranged Weapons
  3474 | D:5      | Reached skill level 1 in Armour
  3474 | D:5      | Reached XP level 8. HP: 44/44 MP: 10/10
  3690 | D:5      | 3690 ||| STAIRDANCE
  3805 | D:4      | 3805 ||| READING scroll labelled NIJADA WAOCVA.
  3816 | D:5      | 3816 ||| STAIRDANCE
  3890 | D:5      | Reached skill level 3 in Fighting
  4015 | D:5      | HP: 8/46 [water moccasin (6)]
  4155 | D:5      | Found a sacrificial altar of Ru.
  4161 | D:5      | Found a hazy altar of Hepliaklqana.
  4164 | D:5      | Found a broken altar of Ashenzari.
  4481 | D:5      | Found a runed translucent door.
  4482 | D:5      | Noticed Crazy Yiuf
  4485 | D:5      | 4485 ||| READING 3 scrolls of identify.
  4485 | D:5      | 4485 ||| IDENTIFYING purple potion
  4486 | D:5      | 4486 ||| READING 2 scrolls of identify.
  4486 | D:5      | 4486 ||| IDENTIFYING fizzy blue potion
  4603 | D:6      | Found a one-way gate to the infinite horrors of the Abyss.
  4603 | D:6      | Noticed qw's ghost (amateur GrFi)
  4603 | D:6      | Noticed a toenail golem
  4611 | D:6      | Reached skill level 13 in Ranged Weapons
  4611 | D:6      | Found a transporter.
  4613 | D:6      | Noticed a hellwing
  4666 | D:6      | Found a transporter.
  5055 | D:6      | Reached skill level 14 in Ranged Weapons
  5131 | D:6      | 5131 ||| UPGRADING to +0 helmet.
  5136 | D:6      | 5136 ||| READING scroll labelled EJOOCKOADE.
  5137 | D:6      | 5137 ||| READING scroll labelled JEHEBE WIBOA.
  5138 | D:6      | 5138 ||| READING 4 scrolls of identify.
  5138 | D:6      | 5138 ||| IDENTIFYING cyan potion
  5205 | D:7      | Found a shadowy altar of Dithmenos.
  5217 | D:7      | Reached XP level 9. HP: 52/52 MP: 11/11
  5415 | D:7      | Found a staircase to the Ecumenical Temple.
  5416 | D:7      | 5416 ||| PLANNING TEMPLE
  5421 | Temple   | Entered the Ecumenical Temple
  5421 | Temple   | Found a transporter.
  5421 | Temple   | Found a transporter.
  5423 | Temple   | Found a transporter.
  5423 | Temple   | Found a transporter.
  5432 | Temple   | 5432 ||| PLANNING OKAWARU WORSHIP
  5439 | Temple   | Became a worshipper of Warmaster Okawaru
  5440 | Temple   | 5440 ||| PLANNING D:1-11
  5772 | D:7      | 5772 ||| Stepping ~*~*~tactically~*~*~ (cloud).
  5881 | D:7      | Reached skill level 6 in Dodging
  5986 | D:7      | 5986 ||| SWAPPING to +0 orcbow.
  5987 | D:7      | 5987 ||| DROPPING +1 shortbow of electrocution.
  6231 | D:7      | 6231 ||| READING 3 scrolls of identify.
  6231 | D:7      | 6231 ||| IDENTIFYING blue potion
  6232 | D:7      | 6232 ||| READING 2 scrolls of identify.
  6232 | D:7      | 6232 ||| IDENTIFYING emerald potion
  6264 | D:8      | 6264 ||| STAIRDANCE
  6270 | D:7      | HP: 12/52 [yak (9)]
  6271 | D:7      | 6271 ||| READING scroll of teleportation.
  6271 | D:7      | HP: 1/52 [yak (12)]
  6272 | D:7      | 6272 ||| DRINKING 2 potions of heal wounds.
  6275 | D:7      | 6275 ||| DRINKING potion of heal wounds.
  6304 | D:7      | Reached * piety under Okawaru
  6397 | D:8      | 6397 ||| INVOKING Heroism.
  6399 | D:8      | Reached skill level 1 in Invocations
  6488 | D:8      | 6488 ||| INVOKING Heroism.
  6489 | D:8      | 6489 ||| Stepping ~*~*~tactically~*~*~ (outnumbered).
  6505 | D:8      | Reached skill level 15 in Ranged Weapons
  6505 | D:8      | 6505 ||| FLEEEEING.
  6506 | D:8      | 6506 ||| FLEEEEING.
  6507 | D:8      | 6507 ||| FLEEEEING.
  6508 | D:8      | 6508 ||| FLEEEEING.
  6509 | D:8      | 6509 ||| FLEEEEING.
  6510 | D:8      | 6510 ||| FLEEEEING.
  6643 | D:8      | Found a sparkling altar of Nemelex Xobeh.
  6666 | D:8      | HP: 11/52 [water moccasin (4)]
  6672 | D:8      | Mangled by a yak

Levels and vault maps discovered:
D:1:      erik_arrival_blinker_ship, layout_basic
D:2:      layout_basic, minmay_misc_feat_plants, chequers_jeans,
          grunt_ministairs_7, minmay_guardbox, uniq_jessica
D:3:      layout_basic, grunt_temple_overflow_magic_moments,
          nicolae_wu_jian_immortal_techniques, nicolae_overflow_hidden_temple,
          nicolae_ecumenical_pavilion, kennysheep_small_spiral, corexii_shack
D:4:      layout_basic, demons_altar, minmay_misc_feat_secret_circle,
          sigmund_army, uniq_menkaure
D:5:      wander_river, layout_loops_cross, minmay_overflow_temple_star_quad,
          uniq_crazy_yiuf_cottage
D:6:      layout_layer_cave, gammafunk_ghost_abyssal_escape,
          nicolae_kite_square_tiling_tiny, kennysheep_pointless_box
D:7:      layout_gridville, mainiacjoe_overflow_chevrons,
          minmay_temple_entry_hall
D:8:      layout_loops_cross, nemelex_diamond_rough_becter,
          minmay_lair_entry_grove, minmay_holes, uniq_grum
Temple:   hellmonk_temple_divided_pantheon

Skill      XL: |  1  2  3  4  5  6  7  8  9 |
---------------+----------------------------+-----
Ranged Weapons | 6 7 8 9 10 12 14 15 | 15.6
Fighting       | 2 3 4 |  4.0
Dodging        | 3 5 6 |  6.6
Armour         | 1 2 |  2.0
Invocations    | 1 |  1.0
Stealth        | |  1.2

Action                     |  1- 3 |  4- 6 |  7- 9 || total
---------------------------+-------+-------+-------++-------
   Fire: Shortbow          |    80 |   117 |   313 ||   510
         Orcbow            |       |       |    95 ||    95
 Invoke: Heroism           |       |       |     2 ||     2
    Use: Scroll            |     3 |     3 |    12 ||    18
         Potion            |     1 |     1 |     2 ||     4
 Armour: Leather armour    |    12 |     1 |       ||    13
         Ring mail         |       |    13 |    37 ||    50
  Dodge: Dodged            |    19 |    35 |    93 ||   147

Table legend:
 A = Non-vault XP
 B = Vault XP
 C = Vault XP percentage of total XP
 D = Non-vault monster count
 E = Vault monster count
 F = Vault count percentage of total count
                 A         B        C        D         E       F
            +---------+---------+-------+---------+---------+-------
      Total |    3593 |    1176 |  24.7 |     139 |      27 |  16.3
            +---------+---------+-------+---------+---------+-------
        D:1 |      46 |       0 |   0.0 |      26 |       0 |   0.0
        D:2 |      19 |     125 |  86.8 |       8 |      15 |  65.2
        D:3 |     267 |     174 |  39.5 |      16 |       2 |  11.1
        D:4 |     375 |     125 |  25.0 |      22 |       6 |  21.4
        D:5 |     902 |       0 |   0.0 |      26 |       0 |   0.0
        D:6 |     561 |       0 |   0.0 |       9 |       0 |   0.0
        D:7 |    1115 |     202 |  15.3 |      26 |       1 |   3.7
        D:8 |     308 |     550 |  64.1 |       6 |       3 |  33.3
            +---------+---------+-------+---------+---------+-------
